 Dungeon Crawl Stone Soup version 0.19-a0-1206-g6bcb79c (webtiles) character file.

23 jacquesderrida the Charlatan (level 2, 10/16 HPs)
             Began as a Vine Stalker Artificer on Aug 21, 2016.
             Quit the game on level 3 of the Dungeon on Aug 22, 2016.
             The game lasted 00:01:26 (329 turns).

jacquesderrida the Charlatan (VSAr)                  Turns: 329, Time: 00:01:27

Health: 10/16      AC:  4    Str: 14    XL:     2   Next: 95%
Magic:  5/5        EV: 12    Int: 11    God:
Gold:   59         SH:  0    Dex: 14    Spells: 0 memorised, 1 level left

rFire  . . .     SeeInvis .     a - +0 short sword
rCold  . . .     Gourm    .     b - +0 leather armour
rNeg   . . .     Faith    .     (no shield)
rPois  .         Spirit   +     g - +0 helmet
rElec  .         Dismiss  .     (no cloak)
rCorr  .         Reflect  .     (no gloves)
MR     .....     Harm     .     (no boots)
Stlth  ++........               (no amulet)
                                (no ring)
                                (no ring)

@: no status effects
A: fangs 2, magic shield, antimagic bite, no device heal 3, rot immunity
a: no special abilities


You were on level 3 of the Dungeon.
You were not hungry.

You visited 1 branch of the dungeon, and saw 3 of its levels.

You collected 59 gold pieces.

Inventory:

Hand Weapons
 a - a +0 short sword (weapon)
Armour
 b - a +0 leather armour (worn)
 g - a +0 helmet (worn)
Wands
 c - a wand of flame (15/48)
 d - a wand of enslavement (15/24)
 e - a wand of random effects (15/48)
Scrolls
 j - 2 scrolls of remove curse {unknown}
 l - a scroll of amnesia {unknown}
 m - a scroll of random uselessness {unknown}
Potions
 h - 2 potions of mutation {unknown}
 i - a potion of ambrosia {unknown}
 k - a potion of might {unknown}
 n - a potion of heal wounds {unknown}
Comestibles
 f - a bread ration


   Skills:
 + Level 2.5 Fighting
 - Level 0.8 Short Blades
 - Level 1.5 Dodging
 - Level 1.2 Stealth
 - Level 2.6 Evocations


You had one spell level left.
You didn't know any spells.

Dungeon Overview and Level Annotations

Branches:
Dungeon (3/15)

Altars:

Annotations:
D:3 Terence


Innate Abilities, Weirdness & Mutations

You have extremely sharp teeth.
When hurt, damage is shared between your health and your magic reserves.
Your bite disrupts and absorbs the magic of your enemies.
Potions and wands cannot restore your health.
You are immune to rotting.


Message History

The hobgoblin is heavily wounded.
The hobgoblin misses you.
You barely miss the hobgoblin. Your bite misses the hobgoblin.
The hobgoblin is heavily wounded.
The hobgoblin barely misses you.
You barely miss the hobgoblin. You bite the hobgoblin. You drain its power.
You feel invigorated.
You kill the hobgoblin!
No target in view!
No target in view!
You see here a scroll labeled HEPLINL VUDAO.
j - 2 scrolls labeled HEPLINL VUDAO (gained 1)
There is a stone staircase leading up here.
Saving game... please wait.
Level annotation: Terence Welcome back, jacquesderrida the Vine Stalker Artificer.
Press ? for a list of commands and other information.
Are you sure you want to abandon this character and quit the game? (Confirm with "yes".)
Okay, then.
Are you sure you want to abandon this character and quit the game? (Confirm with "yes".)

.#. .. ...#
##.#
....###..#
#...#..?# #
#.......#.#
#.......#.#
#.........#
#.....@.#
#.......#
#.......#
#....@#.##
#...#).......
##....#.#####
#.#.##.#
#....#.#
###..#.#


You could see Terence.

Vanquished Creatures
  2 oozes (D:2)
  A dart slug (D:1)
  3 giant cockroaches
  A goblin (D:2)
  3 hobgoblins
  A bat (D:2)
11 creatures vanquished.

Notes
Turn   | Place    | Note
-------+----------+-------------------------------------------
     0 | D:1      | jacquesderrida the Vine Stalker Artificer began the quest for the Orb.
     0 | D:1      | Reached XP level 1. HP: 9/9 MP: 3/3
    76 | D:1      | Reached skill level 1 in Fighting
   133 | D:1      | Reached XP level 2. HP: 12/15 MP: 5/5
   312 | D:3      | Noticed Terence
   329 | D:3      | Quit the game

Vault maps used:
D:1:      mrwooster_arrival_arrow, minmay_crystal_room
D:2:      zin_statuary
D:3:      vehumet_crystals, lemuel_zombie_altar_kikubaaqudgha, first_bread,
          uniq_terence

Skill      XL: |  1  2 |
---------------+-------+-----
Fighting       | 1 2 |  2.5
Short Blades   | |  0.8
Dodging        | |  1.5
Stealth        | |  1.2
Evocations     | |  2.6

Action                   || total
-------------------------++-------
Melee: Short sword       ||    59
       Bite              ||    21
 Stab: Sleeping          ||     1
Armor: Leather armour    ||    21
Dodge: Dodged            ||    46
